 Dungeon Crawl Stone Soup version 0.29.1-12-g30fa7ad0bf (webtiles) character file.

Game seed: 9301112706014173915

108 bubby the Grave Robber (level 4, -9/32 HPs)
             Began as a Mummy Necromancer on Jan 17, 2023.
             Mangled by Crazy Yiuf
             ... wielding a +3 quarterstaff of chaos
              (15 damage)
             ... on level 2 of the Dungeon.
             The game lasted 00:07:28 (2059 turns).

bubby the Grave Robber (Mummy Necromancer)          Turns: 2059, Time: 00:07:28

Health: -9/32      AC:  7    Str: 11    XL:     4   Next: 58%
Magic:  4/9        EV: 17    Int: 16    God:
Gold:   105        SH:  0    Dex: 12    Spells: 6/10 levels left

rFire   x . .      SeeInvis .   h - +0 rapier
rCold   + . .      Faith    .   (no shield)
rNeg    + + +      Spirit   .   a - +0 robe
rPois   ∞          Reflect  .   (no helmet)
rElec   .          Harm     .   m - scarf {+Inv}
rCorr   .          Rampage  .   (no gloves)
Will    .....                   p - +0 pair of boots
Stlth   ++........              k - amulet of magic regeneration
HPRegen 0.10/turn               b - +4 ring of protection
MPRegen 0.51/turn               (no ring)

@: agile
A: cold resistance 1, negative energy resistance 3, torment resistance 2, heat
vulnerability 1, in touch with death 1, no potions
a: Evoke Invisibility


You were on level 2 of the Dungeon.
You visited 1 branch of the dungeon, and saw 2 of its levels.

You collected 105 gold pieces.

Inventory:

Hand Weapons
 c - a +0 short sword
 h - a +0 rapier (weapon)
Armour
 a - a +0 robe (worn)
 m - a scarf of invisibility (worn)
 p - a +0 pair of boots (worn)
Magical Staves
 n - a staff of fire
Jewellery
 b - a +4 ring of protection (left hand)
 k - an amulet of magic regeneration (around neck)
Scrolls
 d - 3 scrolls of identify {unknown}
 e - 2 scrolls of fog {unknown}
 f - a scroll of vulnerability {unknown}
 g - a scroll of brand weapon {unknown}
 i - a scroll of torment {unknown}
 j - 4 scrolls of teleportation {unknown}
 l - 3 scrolls of silence {unknown}
 o - a scroll of enchant weapon {unknown}


   Skills:
 + Level 1.1 Fighting
 + Level 2.3 Dodging
 + Level 2.4 Stealth
 + Level 3.6 Spellcasting
 + Level 4.5 Necromancy


You had 6 spell levels left.
You knew the following spells:

 Your Spells              Type           Power      Damage    Failure   Level
a - Necrotise             Necr           100%       1d9       2%          1
b - Vampiric Draining     Necr           25%        2d7       9%          3

Your spell library contained the following spells:

 Spells                   Type           Power      Damage    Failure   Level
 Animate Dead             Necr           25%        N/A       28%         4
 Agony                    Necr           25%        N/A       61%         5


Dungeon Overview and Level Annotations

Branches:
Dungeon (2/15)

Altars:

Annotations:
D:2 Crazy Yiuf


Innate Abilities, Weirdness & Mutations

You are immune to poison.
Your flesh is cold resistant. (rC+)
You are immune to negative energy. (rN+++)
You are immune to unholy pain and torment.
You are vulnerable to heat. (rF-)
You are in touch with the powers of death.
You do not drink.


Message History

Your hobgoblin skeleton crumbles into dust!
There is an open door here.
There is an open door here.
Found a pair of boots.
You see here a +0 pair of boots.
o - a scroll labelled EZENEHU HEMP You see here a +0 pair of boots.
p - a +0 pair of boots You start putting on your armour.
You continue putting on your +0 pair of boots. x4
You finish putting on your +0 pair of boots.
Crazy Yiuf shouts!
Okay, then.
Press: ? - help, v - describe, . - travel The floor.
Unknown command.
As you open the door, it creaks loudly!
You feel a surge of power!
Crazy Yiuf writhes in agony.
Crazy Yiuf says, "Rot!
Defame down illywillydillykilly."
Crazy Yiuf hits you but does no damage.
You feel a surge of power!
Crazy Yiuf writhes in agony.
Crazy Yiuf closely misses you.
You feel a surge of power!
Crazy Yiuf writhes in agony.
Crazy Yiuf hits you with a +3 quarterstaff of chaos!
You feel agile all of a sudden.
You feel a surge of power!
Crazy Yiuf writhes in agony.
Crazy Yiuf hits you with a +3 quarterstaff of chaos!
You are electrocuted!
* * * LOW HITPOINT WARNING * * *
Casting: Necrotise (safe; 2% risk of failure)
Confirm with . or Enter, or press ? or * to list all spells.
The spell is quite dangerous to miscast (9% risk of failure)!
Continue anyway?
Aiming: Vampiric Draining (quite dangerous; 9% risk of failure)
Press: ? - help, Shift-Dir - straight line, f/p - Crazy Yiuf
Aim: Crazy Yiuf, wielding a +3 quarterstaff of chaos and wearing a +0 cloak (moderately wounded)
You feel a surge of power!
You draw life force from Crazy Yiuf!
You feel life coursing into your body.
Crazy Yiuf cries, "You leg down broken song, no?"
Crazy Yiuf hits you with a +3 quarterstaff of chaos!
You die...

#.##########.########.#.#
#.# #.............#.# #.#
#.##.##########.# ###
###### #..# #.# ##.# #.#
##.####.# ###
♣♣##.......# #)..#♣♣
♣♣P....######
#...g@♣♣♣♣......#.....
#...#♣..♣..P....#.....
### ♣♣♣.♣....#.######
♣♣♣♣♣###.# ##.# #..# ##.#
###


You could see Crazy Yiuf.

Vanquished Creatures
  Jessica (D:2)
  Natasha (D:2)
  A worm (D:2)
  A dart slug (D:1)
  3 endoplasms (D:2)
  3 giant cockroaches
  3 goblins (D:1)
  5 hobgoblins
  3 jackals (D:1)
  3 kobolds
  A quokka (D:1)
  5 ball pythons
  5 bats
  2 frilled lizards (D:1)
  2 rats (D:1)
39 creatures vanquished.

Vanquished Creatures (collateral kills)
  A worm (D:2)
  A dart slug (D:1)
  A ball python (D:1)
  2 giant cockroaches
  A goblin (D:1)
  A rat (D:1)
7 creatures vanquished.

Grand Total: 46 creatures vanquished

Notes
Turn   | Place    | Note
-------+----------+-------------------------------------------
     0 | D:1      | bubby the Mummy Necromancer began the quest for the Orb.
     0 | D:1      | Reached XP level 1. HP: 13/13 MP: 4/4
   299 | D:1      | Reached XP level 2. HP: 19/19 MP: 0/5
   488 | D:1      | Found a faded altar of an unknown god.
   568 | D:1      | Gained mutation: You are in touch with the powers of death.
                  | [Mummy growth]
   568 | D:1      | Reached XP level 3. HP: 21/24 MP: 1/7
  1055 | D:2      | Learned a level 3 spell: Vampiric Draining
  1137 | D:2      | Noticed Jessica
  1145 | D:2      | Killed Jessica
  1173 | D:2      | Reached XP level 4. HP: 31/31 MP: 7/9
  1246 | D:2      | Noticed Natasha
  1252 | D:2      | Killed Natasha
  1253 | D:2      | Reached skill level 1 in Fighting
  1818 | D:2      | Found a runed translucent door.
  1819 | D:2      | Noticed Crazy Yiuf
  2059 | D:2      | Mangled by Crazy Yiuf

Illustrated notes

Levels and vault maps discovered:
D:1:      dpeg_arrival_castle, layout_basic,
          hellmonk_ecumenical_altar_defaced_shrine
D:2:      layout_basic, st_stairs_14, chequers_serial_rivers_marsh,
          minmay_strange_pillars, uniq_natasha, uniq_jessica,
          uniq_crazy_yiuf_cottage

Skill      XL: |  1  2  3  4 |
---------------+-------------+-----
Spellcasting   | 3 |  3.6
Stealth        | 2 |  2.4
Dodging        | 2 |  2.3
Fighting       | 1 |  1.1
Necromancy     | |  4.5

Action                   |  1- 3 |  4- 6 || total
-------------------------+-------+-------++-------
Melee: Rapier            |    17 |     3 ||    20
 Cast: Necrotise         |    41 |    26 ||    67
       Vampiric Draining |       |     1 ||     1
 Stab: Sleeping          |     2 |       ||     2
Armor: Robe              |     8 |     4 ||    12
Dodge: Dodged            |    24 |     5 ||    29
